 Dungeon Crawl Stone Soup version 0.29-a0-90-gc37658a0fe (webtiles) character file.

Game seed: 15464746217811375681

1157 enile the Prestidigitator (level 8, 0/58 HPs)
             Began as a Gnoll Wanderer on Feb 7, 2022.
             Was a Believer of Wu Jian.
             Slain by a howler monkey skeleton (2 damage)
             ... on level 5 of the Dungeon.
             The game lasted 00:14:02 (5380 turns).

enile the Prestidigitator (Gnoll Wanderer)          Turns: 5380, Time: 00:14:03

Health: 0/58       AC:  4    Str: 12    XL:     8   Next: 39%
Magic:  5/17       EV: 13    Int: 14    God:    Wu Jian [**....]
Gold:   92         SH:  0    Dex: 11    Spells: 15/19 levels left

rFire   + . .      SeeInvis .   q - +4 whip
rCold   + . .      Faith    .   (no shield)
rNeg    . . .      Spirit   .   d - +0 robe
rPois   +          Reflect  .   (no helmet)
rElec   +          Harm     .   o - +0 cloak
rCorr   +          Rampage  .   (no gloves)
Will    .....                   b - +0 pair of boots
Stlth   ++........              (no amulet)
HPRegen 0.19/turn               (no ring)
MPRegen 0.15/turn               (no ring)

@: brilliant, resistant
A: fangs 1, strong nose, distributed training
a: Renounce Religion, Wall Jump


You were on level 5 of the Dungeon.
You worshipped Wu Jian.
Wu Jian was pleased with you.
You visited 1 branch of the dungeon, and saw 5 of its levels.
You also visited: Sewer and Ossuary.

You collected 92 gold pieces.

Inventory:

Hand Weapons
 h - a +0 short sword
 q - a +4 whip (weapon)
 A - a +0 scythe
 H - a +3 whip of pain
Missiles
 D - 5 javelins
 F - 3 stones
Armour
 b - a +0 pair of boots (worn)
 d - a +0 robe (worn)
 o - a +0 cloak (worn)
 E - a +0 plate armour
Magical Staves
 s - a staff of earth
 G - a staff of fire
Jewellery
 y - an amulet of faith
Scrolls
 a - a scroll of immolation
 i - 6 scrolls of enchant armour {unknown}
 l - 5 scrolls of teleportation
 r - 2 scrolls of magic mapping
 u - a scroll of fear {unknown}
 v - 2 scrolls of fog {unknown}
 w - a scroll of acquirement {unknown}
 C - a scroll of amnesia {unknown}
Potions
 c - a potion of ambrosia
 f - 2 potions of resistance
 k - a potion of lignification {unknown}
 n - a potion of flight {unknown}
 t - a potion of magic {unknown}
 x - a potion of mutation {unknown}
Miscellaneous
 e - a phial of floods (inert)


   Skills:
 + Level 3.2 Fighting
 + Level 3.2 Short Blades
 + Level 3.2 Long Blades
 + Level 3.2 Axes
 + Level 3.2 Maces & Flails
 + Level 3.2 Polearms
 + Level 3.2 Staves
 + Level 3.2 Slings
 + Level 3.2 Bows
 + Level 3.2 Crossbows
 + Level 3.2 Throwing
 + Level 3.2 Armour
 + Level 5.6 Dodging
 + Level 3.2 Stealth
 + Level 3.2 Shields
 + Level 3.2 Unarmed Combat
 + Level 6.0 Spellcasting
 + Level 2.6 Conjurations
 + Level 2.6 Hexes
 + Level 2.6 Summonings
 + Level 2.6 Necromancy
 + Level 2.6 Translocations
 + Level 2.6 Transmutations
 + Level 2.6 Fire Magic
 + Level 2.6 Ice Magic
 + Level 2.6 Air Magic
 + Level 4.6 Earth Magic
 + Level 2.6 Poison Magic
 + Level 3.5 Invocations
 + Level 9.1 Evocations


You had 15 spell levels left.
You knew the following spells:

 Your Spells              Type           Power      Damage    Failure   Level
a - Sandblast             Erth           52%        2d12      2%          1
b - Stone Arrow           Conj/Erth      42%        3d9       11%         3

Your spell library contained the following spells:

 Spells                   Type           Power      Damage    Failure   Level
 Tukima's Dance           Hex            17%        N/A       16%         3
 Passage of Golubria      Tloc           17%        N/A       47%         4
 Yara's Violent Unravell  Hex/Tmut       8%         3d5       83%         5


Dungeon Overview and Level Annotations

Branches:
Dungeon (5/15)              Sewer (visited)         Ossuary (visited)
 Temple: D:4-7

Altars:
Dithmenos
Gozag
Nemelex Xobeh
Qazlal
Uskayaw
Wu Jian
Zin

Annotations:
D:4 3 runed translucent doors, bande's ghost, amateur GrFi


Innate Abilities, Weirdness & Mutations

You have very sharp teeth.
Your uncanny sense of smell can sniff out nearby items.
Your experience applies equally to all skills.


Message History

* * * LOW HITPOINT WARNING * * *
The orc priest barely misses your ice beast.
Something hits you but does no damage.
The hound skeleton bites you but does no damage.
Your ice beast hits the hound skeleton.
Your ice beast freezes the hound skeleton.
The hound skeleton resists.
You feel better. The iguana misses you.
The howler monkey skeleton barely misses you.
The hound skeleton bites you.
* * * LOW HITPOINT WARNING * * *
The orc priest hits your ice beast with a +0 short sword.
The orc priest barely misses your howler monkey.
Something hits you but does no damage.
Your howler monkey hits the jelly.
The acid corrodes your howler monkey!
Your howler monkey is burned by acid!
Your phantom barely misses the howler monkey skeleton.
Your ice beast barely misses the hound skeleton.
It was a potion of brilliance.
You feel clever all of a sudden. The hound skeleton bites you.
* * * LOW HITPOINT WARNING * * *
The iguana closely misses you. The howler monkey skeleton misses you.
The orc priest hits your ice beast with a +0 short sword.
Your dart slug bites the hound skeleton.
The hound skeleton is destroyed!
The Council accepts your kill.
The orc priest hits your howler monkey with a +0 hand axe.
Something hits you.
* * * LOW HITPOINT WARNING * * *
Your howler monkey hits the jelly.
Your howler monkey is burned by acid!
Your ice beast closely misses the howler monkey skeleton.
Your phantom hits the howler monkey skeleton.
You spin and attack the howler monkey skeleton.
You hit the howler monkey skeleton.
You bite the howler monkey skeleton, but do no damage.
The howler monkey skeleton is severely damaged.
The iguana misses your ice beast. The howler monkey skeleton hits you.
You die...

#########,* ** #.#.#.#.#.## *.
*********** #'#'#'#'#..# #.
*,,,,,.,,,* #.'...'.##.# #.
*,,,,,..,,* ###...####.# #.
*,,,,,...,* #.'...'.##.# #.
*,,,,,.)..##### ###'#'####.###.
*,,,,,......ho####.'.#...'..##..
*,,,,,.....oJ{Y@w#########......
*,,,,,,...###l.Z............##..
**,,,,,,,,,*
####W.....##.<#.###Z
,,,,,******* #......#..##.# ##
,,,,,* *#.........##[# # ,,,,,*
#...#.>.#.....#### ,,,,,*
#...#..##.###..... ,,,,,**
*#...#..#..# #.#### ,,,,,,****
*#[.....##.####..##.


You could see an iguana, a jelly (ally target), 2 orc priests, a howler monkey
skeleton (ally target), a friendly phantom (summoned), a friendly ice beast
(summoned), a friendly howler monkey (summoned, corroded) and a friendly dart
slug (summoned).

Vanquished Creatures
  2 water moccasins
  3 necrophages (D:5)
  3 elf skeletons (D:5)
  3 centaur zombies (Ossuary)
  A hound (D:5)
  2 human skeletons (D:5)
  An orc wizard (D:3)
  6 mummies (Ossuary)
  2 adders (D:3)
  A river rat (D:5)
  An adder skeleton (D:4)
  3 worms
  A dart slug (D:2)
  14 orcs
  2 endoplasms (D:1)
  3 giant cockroaches (D:1)
  4 goblins
  8 hobgoblins
  8 jackals
  3 quokkas
  2 ball pythons
  7 bats
  4 frilled lizards
  A hobgoblin zombie (Ossuary)
  10 kobolds
  An orc skeleton (D:5)
  13 rats
109 creatures vanquished.

Vanquished Creatures (collateral kills)
  An ogre (D:5)
  A hound skeleton (D:5)
  A hobgoblin zombie (Ossuary)
3 creatures vanquished.

Vanquished Creatures (others)
  2 plants (D:5)
2 creatures vanquished.

Grand Total: 114 creatures vanquished

Notes
Turn   | Place    | Note
-------+----------+-------------------------------------------
     0 | D:1      | enile the Gnoll Wanderer began the quest for the Orb.
     0 | D:1      | enile set off with the following items: a +0 club, a +0
                  | pair of boots, 24 stones, a +0 robe, a phial of floods; and
                  | the following spell memorised: Sandblast; and the following
                  | spells available to memorise: Stone Arrow
     0 | D:1      | Reached XP level 1. HP: 13/13 MP: 6/6
   535 | D:1      | Reached XP level 2. HP: 19/19 MP: 5/7
  1046 | D:1      | Reached XP level 3. HP: 23/25 MP: 7/9
  1073 | D:1      | Reached skill level 5 in Spellcasting
  1620 | D:2      | Noticed a floating eye
  1630 | D:2      | Found a faded altar of an unknown god.
  1634 | D:2      | Noticed a golden eye
  1640 | D:2      | Noticed a great orb of eyes
  1640 | D:2      | Noticed a golden eye
  1659 | D:2      | Reached skill level 1 in Invocations
  1676 | D:2      | Prayed at the altar of an unknown god.
  1676 | D:2      | Became a worshipper of the Wu Jian Council
  1676 | D:2      | Reached * piety under Wu Jian
  1933 | D:2      | Reached skill level 1 in Fighting
  1933 | D:2      | Reached skill level 1 in Short Blades
  1933 | D:2      | Reached skill level 1 in Long Blades
  1933 | D:2      | Reached skill level 1 in Axes
  1933 | D:2      | Reached skill level 1 in Maces & Flails
  1933 | D:2      | Reached skill level 1 in Polearms
  1933 | D:2      | Reached skill level 1 in Staves
  1933 | D:2      | Reached skill level 1 in Slings
  1933 | D:2      | Reached skill level 1 in Bows
  1933 | D:2      | Reached skill level 1 in Crossbows
  1933 | D:2      | Reached skill level 1 in Throwing
  1933 | D:2      | Reached skill level 1 in Armour
  1933 | D:2      | Reached skill level 1 in Stealth
  1933 | D:2      | Reached skill level 1 in Shields
  1933 | D:2      | Reached skill level 1 in Unarmed Combat
  2239 | D:3      | Reached XP level 4. HP: 32/32 MP: 11/11
  2279 | D:3      | Found a hide-covered altar of Uskayaw.
  2342 | D:3      | Found a glowing silver altar of Zin.
  2342 | D:3      | Found a shadowy altar of Dithmenos.
  2347 | D:3      | Learned a level 3 spell: Stone Arrow
  2378 | D:3      | Found an opulent altar of Gozag.
  2378 | D:3      | Found a sparkling altar of Nemelex Xobeh.
  2416 | D:3      | Noticed a water moccasin
  2425 | D:3      | Killed a water moccasin
  2426 | D:3      | Reached skill level 1 in Conjurations
  2426 | D:3      | Reached skill level 1 in Hexes
  2426 | D:3      | Reached skill level 1 in Summonings
  2426 | D:3      | Reached skill level 1 in Necromancy
  2426 | D:3      | Reached skill level 1 in Translocations
  2426 | D:3      | Reached skill level 1 in Transmutations
  2426 | D:3      | Reached skill level 1 in Fire Magic
  2426 | D:3      | Reached skill level 1 in Ice Magic
  2426 | D:3      | Reached skill level 1 in Air Magic
  2426 | D:3      | Reached skill level 1 in Poison Magic
  2426 | D:3      | Reached XP level 5. HP: 12/37 MP: 6/12
  2878 | D:3      | Found a stormy altar of Qazlal.
  3006 | D:3      | Reached XP level 6. HP: 27/44 MP: 8/13
  3010 | D:3      | Reached ** piety under Wu Jian
  3756 | D:4      | Found a runed translucent gate.
  3756 | D:4      | Found a runed translucent gate.
  3756 | D:4      | Found a runed translucent gate.
  3759 | D:4      | Noticed bande's ghost (amateur GrFi)
  3763 | D:4      | Identified the +0 chain mail of Qazlal's Generosity {-Tele
                  | Fly Int+4 SInv}
  3910 | D:5      | Entered Level 5 of the Dungeon
  4047 | D:5      | Found a glowing drain.
  4051 | Sewer    | Entered a sewer
  4176 | Sewer    | Noticed a water moccasin
  4180 | Sewer    | Killed a water moccasin
  4181 | Sewer    | Reached skill level 5 in Dodging
  4321 | D:5      | Noticed a necrophage
  4322 | D:5      | Noticed a necrophage
  4353 | D:5      | Reached XP level 7. HP: 20/48 MP: 15/15
  4370 | D:5      | Found a sand-covered staircase.
  4378 | Ossuary  | Entered an ossuary
  4405 | Ossuary  | Reached skill level 9 in Evocations
  4995 | D:5      | Reached XP level 8. HP: 27/57 MP: 16/16
  5379 | D:5      | HP: 2/58 [something (2)]
  5380 | D:5      | Slain by a howler monkey skeleton

Illustrated notes

Levels and vault maps discovered:
D:1:      amcnicky_arrival_choice, layout_basic, minmay_misc_feat_ornament,
          st_stairs_10, minmay_misc_feat_tower
D:2:      layout_rooms, hellmonk_ecumenical_altar_watching_god
D:3:      layout_loops_ring, mainiacjoe_overflow_alcove_1,
          eat_drink_and_be_merry_uskayaw, nicolae_overflow_quartered_altars
D:4:      layout_basic, biasface_ghost_orc_armoury, uniq_robin
D:5:      corexii_shack_village, layout_rooms, nicolae_ossuary_entry_catacombs,
          gup_sewer_entry_bowl

Skill      XL: |  1  2  3  4  5  6  7  8 |
---------------+-------------------------+-----
Spellcasting   | 5 6 |  6.0
Invocations    | 1 2 3 |  3.5
Fighting       | 1 2 3 |  3.2
Short Blades   | 1 2 3 |  3.2
Long Blades    | 1 2 3 |  3.2
Axes           | 1 2 3 |  3.2
Maces & Flails | 1 2 3 |  3.2
Polearms       | 1 2 3 |  3.2
Staves         | 1 2 3 |  3.2
Slings         | 1 2 3 |  3.2
Bows           | 1 2 3 |  3.2
Crossbows      | 1 2 3 |  3.2
Throwing       | 1 2 3 |  3.2
Armour         | 1 2 3 |  3.2
Stealth        | 1 2 3 |  3.2
Shields        | 1 2 3 |  3.2
Unarmed Combat | 1 2 3 |  3.2
Conjurations   | 1 2 |  2.6
Hexes          | 1 2 |  2.6
Summonings     | 1 2 |  2.6
Necromancy     | 1 2 |  2.6
Translocations | 1 2 |  2.6
Transmutations | 1 2 |  2.6
Fire Magic     | 1 2 |  2.6
Ice Magic      | 1 2 |  2.6
Air Magic      | 1 2 |  2.6
Earth Magic    | 4 |  4.6
Poison Magic   | 1 2 |  2.6
Dodging        | 5 |  5.6
Evocations     | 9 |  9.1

Action                   |  1- 3 |  4- 6 |  7- 9 || total
-------------------------+-------+-------+-------++-------
Melee: Club              |    17 |       |       ||    17
       Short sword       |    81 |       |       ||    81
       Bite              |    11 |    10 |    19 ||    40
       Punch             |     1 |     1 |       ||     2
       Whip              |       |    70 |   112 ||   182
       Staff             |       |    17 |       ||    17
 Cast: Sandblast         |    46 |    20 |     7 ||    73
       Stone Arrow       |       |    18 |    13 ||    31
Invok: Lunge             |       |     6 |     2 ||     8
       Whirlwind         |       |     1 |     4 ||     5
 Abil: Wall Jump         |       |       |     1 ||     1
Evoke: Phial of floods   |       |       |     1 ||     1
  Use: Scroll            |       |     3 |     6 ||     9
       Potion            |       |     3 |     5 ||     8
 Stab: Sleeping          |       |     2 |     2 ||     4
Armor: Robe              |    51 |    15 |    22 ||    88
Dodge: Dodged            |   109 |    76 |    87 ||   272

Table legend: (Time is in decaauts)
 A = Elapsed time spent in this place.
 B = Non-inter-level travel time spent in this place.
 C = Inter-level travel time spent in this place.
 D = Time resting spent in this place.
 E = Time spent auto-exploring this place.
 F = Levels seen in this place.
 G = Mean time per level.
                   A        B        C        D        E       F      G
               +--------+--------+--------+--------+--------+-----+--------+
         Total |   5406 |   5286 |    120 |      0 |   4274 |   7 |  772.3 |
       Dungeon |   4558 |   4438 |    120 |      0 |   3603 |   5 |  911.6 |
         Sewer |    256 |    256 |      0 |      0 |    182 |   1 |  256.0 |
       Ossuary |    591 |    591 |      0 |      0 |    489 |   1 |  591.0 |
               +--------+--------+--------+--------+--------+-----+--------+

Top non-repeatable levels by time:
     D:3: 1491 daAuts
     D:1: 1425 daAuts
     D:2: 813 daAuts
     D:5: 637 daAuts
 Ossuary: 591 daAuts
   Sewer: 256 daAuts
     D:4: 191 daAuts
